 Dungeon Crawl Stone Soup version 0.30-a0-845-g7c6808c8ce (webtiles) character file.

Game seed: 7348072013580590829

191 jasper the Shooter (level 5, -1/42 HPs)
             Began as a Demonspawn Hexslinger on Mar 2, 2023.
             Killed by divine providence
             ... invoked by an orc priest
              (15 damage)
             ... on level 4 of the Dungeon.
             The game lasted 00:04:52 (2037 turns).

jasper the Shooter (Demonspawn Hexslinger)          Turns: 2037, Time: 00:04:52

Health: -1/42      AC:  5    Str: 10    XL:     5   Next: 42%
Magic:  8/8        EV: 10    Int: 16    God:
Gold:   236        SH:  0    Dex: 14    Spells: 4/8 levels left

rFire   . . .      SeeInvis .    a - +1 sling
rCold   . . .      Faith    .    (no shield)
rNeg    . . .      Spirit   .    h - +0 ring mail
rPois   .          Reflect  .    (helmet restricted)
rElec   .          Rampage  .    (no cloak)
rCorr   .                        (no gloves)
Will    .....                    (no boots)
Stlth   +                        m - amulet of regeneration
HPRegen 1.07/turn                (no ring)
MPRegen 0.11/turn                (no ring)

@: no status effects
A: antennae 1, powered by death 1, hooves 1, robust 1
a: no special abilities


You were on level 4 of the Dungeon.
You visited 1 branch of the dungeon, and saw 4 of its levels.

You collected 236 gold pieces.

Inventory:

Hand Weapons
 a - a +1 sling (weapon)
Missiles
 d - 6 boomerangs
Armour
 c - a +0 robe
 e - a +0 leather armour
 h - a +0 ring mail (worn)
Jewellery
 i - an amulet of guardian spirit
 m - an amulet of regeneration (around neck)
 p - an amulet of the acrobat
Scrolls
 f - 2 scrolls of identify
 l - a scroll of immolation


   Skills:
 + Level 2.4 Fighting
 * Level 3.5 Ranged Weapons
 + Level 1.5 Armour
 + Level 2.3 Dodging
 - Level 2.0 Spellcasting
 - Level 3.0 Hexes


You had 4 spell levels left.
You knew the following spells:

 Your Spells              Type           Power      Damage    Failure   Level
a - Slow                  Hex            44%        N/A       16%         1
b - Portal Projectile     Hex/Tloc       12%        N/A       63%         3

Your spell library contained the following spells:

 Spells                   Type           Power      Damage    Failure   Level
 Inner Flame              Hex/Fire       6%         N/A       63%         3
 Vhi's Electric Charge    Tloc/Air       2%         N/A       83%         3
 Cause Fear               Hex            5%         N/A       83%         4
 Arcjolt                  Conj/Air       0%         1d10      100%        5
 Maxwell's Capacitive Co  Air            0%         ∞         100%        8


Dungeon Overview and Level Annotations

Branches:
Dungeon (4/15)
 Temple: D:4-7

Altars:
Qazlal


Innate Abilities, Weirdness & Mutations

You have a pair of small antennae on your head.
You regenerate a little health from kills.
You have large cloven feet.
You are robust. (+10% HP)


Message History

The orc priest draws strength from your wounds!
The orc priest barely misses you.
You take 2 damage, and have 27/42 hp.
Fire: a) +1 sling
Press: ? - help, Q - select action, (/) - cycle Shift-Dir - straight line, f/p - orc priest
Aim: an orc priest, wielding a +3 vampiric dagger and wearing a +0 chain mail (moderately wounded, 67% to hit)
You shoot a sling bullet.
The sling bullet hits the orc priest but does no damage.
The orc priest is moderately wounded.
The orc priest hits you with a +3 vampiric dagger.
The orc priest draws strength from your wounds!
You take 4 damage, and have 23/42 hp.
Fire: a) +1 sling
Press: ? - help, Q - select action, (/) - cycle Shift-Dir - straight line, f/p - orc priest
Aim: an orc priest, wielding a +3 vampiric dagger and wearing a +0 chain mail (moderately wounded, 67% to hit)
You shoot a sling bullet.
The sling bullet closely misses the orc priest.
The orc priest hits you with a +3 vampiric dagger.
The orc priest draws strength from your wounds!
The orc priest invokes the aid of Beogh against you.
Beogh smites you!
* * * LOW HITPOINT WARNING * * *
You take 12 damage, and have 11/42 hp.
MASSIVE DAMAGE!!
Fire: a) +1 sling
Press: ? - help, Q - select action, (/) - cycle Shift-Dir - straight line, f/p - orc priest
Aim: an orc priest, wielding a +3 vampiric dagger and wearing a +0 chain mail (lightly wounded, 67% to hit)
You shoot a sling bullet.
The sling bullet hits the orc priest but does no damage.
The orc priest is lightly wounded.
The orc priest closely misses you.
You regained 2 hp, and now have 13/42 hp.
Fire: a) +1 sling
Press: ? - help, Q - select action, (/) - cycle Shift-Dir - straight line, f/p - orc priest
Aim: an orc priest, wielding a +3 vampiric dagger and wearing a +0 chain mail (lightly wounded, 67% to hit)
You shoot a sling bullet.
The sling bullet hits the orc priest but does no damage.
The orc priest is lightly wounded.
The orc priest mumbles some strange prayers to Beogh against you.
Beogh smites you!
You die...

**,* ##...##
*.#*,#*,* ,*,*
##'## *.#*,**,*
,*,* #.# *..,,**,*
,*,* #)# *##****,*
,,,* ##.## *,* *
,**######...####
*,* *
,,,..........#.##
*,* *
***######...#.#.##
*,* *
#.)#.###@#####.# *
#...## ##o.....# *
#....###.####### *
###.##.#.## *
###......o## *
###.........##
#............#
#............#
#............#


You could see an orc priest.

Vanquished Creatures
  A hound (D:4)
  A sleepcap (D:4)
  A gnoll (D:2)
  7 adders
  A worm (D:2)
  3 dart slugs (D:1)
  3 orcs (D:4)
  3 ball pythons
  4 bats
  3 endoplasms
  2 giant cockroaches
  3 goblins
  8 hobgoblins
  A quokka (D:3)
  6 kobolds
  2 rats
49 creatures vanquished.

Vanquished Creatures (others)
  3 withered plants (D:4)
3 creatures vanquished.

Grand Total: 52 creatures vanquished

Notes
Turn   | Place    | Note
-------+----------+-------------------------------------------
     0 | D:1      | jasper the Demonspawn Hexslinger began the quest for the
                  | Orb.
     0 | D:1      | Reached XP level 1. HP: 15/15 MP: 2/2
   364 | D:1      | Gained mutation: You regenerate a little health from kills.
                  | [demonic ancestry]
   364 | D:1      | Reached XP level 2. HP: 18/21 MP: 3/3
   814 | D:2      | Reached XP level 3. HP: 26/26 MP: 5/5
  1035 | D:2      | Found a faded altar of an unknown god.
  1130 | D:2      | Reached XP level 4. HP: 10/33 MP: 6/6
  1246 | D:3      | Learned a level 3 spell: Portal Projectile
  1374 | D:3      | Reached skill level 1 in Armour
  1385 | D:3      | Found a stormy altar of Qazlal.
  1420 | D:2      | Gained mutation: You have large cloven feet. [potion of
                  | mutation]
  1420 | D:2      | Gained mutation: You are robust. (+10% HP) [potion of
                  | mutation]
  1831 | D:4      | Gained mutation: You have a pair of small antennae on your
                  | head. [demonic ancestry]
  1831 | D:4      | Reached XP level 5. HP: 38/41 MP: 8/8
  2037 | D:4      | Killed from afar by an orc priest

Illustrated notes

Levels and vault maps discovered:
D:1:      wander_arrival_estate, layout_basic
D:2:      layout_rooms, hellmonk_ecumenical_altar_blasted
D:3:      layout_rooms, nicolae_qazlal_scattered_showers,
          mainiacjoe_overflow_swirl, mainiacjoe_overflow_brackets,
          jmf_multi_god_temple, st_stairs_2, saegor_snake_ambush
D:4:      layout_loops_corners, zin_academy, gup_sewer_entry_pipe,
          serial_undead, serial_undead_f, serial_undead_d, serial_undead_f,
          serial_undead_b, palyth_stone_intersect

Skill      XL: |  1  2  3  4 |
---------------+-------------+-----
Ranged Weapons | 2 3 |  3.5
Dodging        | 2 |  2.3
Fighting       | 2 |  2.4
Armour         | 1 |  1.5
Spellcasting   | 2 |  2.0
Hexes          | |  3.0

Action                     |  1- 3 |  4- 6 || total
---------------------------+-------+-------++-------
   Fire: Sling             |   118 |   144 ||   262
   Cast: Slow              |     1 |       ||     1
    Use: Potion            |     2 |     4 ||     6
         Scroll            |     2 |     3 ||     5
 Armour: Leather armour    |     3 |       ||     3
         Robe              |     1 |       ||     1
         Ring mail         |    17 |    43 ||    60
  Dodge: Dodged            |    37 |    73 ||   110

Table legend: (Time is in decaauts)
 A = Elapsed time spent in this place.
 B = Non-inter-level travel time spent in this place.
 C = Inter-level travel time spent in this place.
 D = Time resting spent in this place.
 E = Time spent auto-exploring this place.
 F = Levels seen in this place.
 G = Mean time per level.
                   A        B        C        D        E       F      G
               +--------+--------+--------+--------+--------+-----+--------+
         Total |   2130 |   2013 |    117 |    317 |   1095 |   4 |  532.5 |
       Dungeon |   2130 |   2013 |    117 |    317 |   1095 |   4 |  532.5 |
               +--------+--------+--------+--------+--------+-----+--------+

Top non-repeatable levels by time:
     D:1: 723 daAuts
     D:2: 651 daAuts
     D:3: 442 daAuts
     D:4: 314 daAuts
